 Dungeon Crawl Stone Soup version 0.22.1-2-g9c5b331383 (webtiles) character file.

225 McIrco the Shield-Bearer (level 6, 0/38 HPs)
             Began as a Gargoyle Fighter on Jan 6, 2019.
             Killed from afar by an orc wizard (5 damage)
             ... with a puff of frost
             ... on level 2 of the Dungeon.
             The game lasted 00:02:53 (1591 turns).

McIrco the Shield-Bearer (Gargoyle Fighter)         Turns: 1591, Time: 00:02:54

Health: 0/38       AC: 11    Str: 24    XL:     6   Next: 1%
Magic:  6/6        EV:  8    Int: 14    God:
Gold:   34         SH: 10    Dex: 11    Spells: 5/5 levels left

rFire    . . .     SeeInvis .   a - +0 long sword
rCold    . . .     Gourm    .   c - +0 shield
rNeg     + . .     Faith    .   b - +0 scale mail
rPois    ∞         Spirit   .   (no helmet)
rElec    +         Reflect  .   (no cloak)
rCorr    .         Harm     .   (no gloves)
MR       .....                  (no boots)
Stlth    ..........             (no amulet)
HPRegen  0.12/turn              (no ring)
MPRegen  0.10/turn              (no ring)

@: mighty, brilliant, very slightly contaminated, invisible
A: negative energy resistance 1, electricity resistance, unbreathing,
petrification resistance, rot immunity, AC +4
a: no special abilities


You were on level 2 of the Dungeon.
You were not hungry.

You visited 1 branch of the dungeon, and saw 2 of its levels.

You collected 34 gold pieces.

Inventory:

Hand Weapons
 a - a +0 long sword (weapon)
Armour
 b - a +0 scale mail (worn)
 c - a +0 shield (worn)
 g - a +0 pair of gloves
Jewellery
 o - an uncursed amulet of rage {unknown}
 p - an uncursed amulet of regeneration {unknown}
Scrolls
 e - 2 scrolls of blinking {unknown}
 h - 2 scrolls of amnesia {unknown}
 i - 3 scrolls of identify {unknown}
 j - 3 scrolls of remove curse {unknown}
 k - 2 scrolls of enchant armour {unknown}
 n - a scroll of fear {unknown}
Comestibles
 f - 8 rations


   Skills:
 + Level 3.6 Fighting
 + Level 2.9 Long Blades
 * Level 4.2 Armour
 * Level 1.9 Dodging
 * Level 4.8 Shields


You had 5 spell levels left.
You didn't know any spells.
Your spell library was empty.

Dungeon Overview and Level Annotations

Branches:
Dungeon (2/15)

Altars:
Dithmenos
Fedhas
Ru
Sif Muna


Innate Abilities, Weirdness & Mutations

You are resistant to torment.
Your stone body is resilient. (AC +4)
You are immune to poison.
You resist negative energy. (rN+)
You are resistant to electric shocks. (rElec)
You can survive without breathing.
You are immune to petrification.
You are immune to rotting.


Message History

Items here: $ ( )))) [[ †† You slice the orc priest!!
You kill the orc priest!
You have reached level 6!
Your experience leads to an increase in your attributes!
Your base attributes are Str 19, Int 9, Dex 10.
Increase (S)trength, (I)ntelligence, or (D)exterity?
You feel agile.
Something hits you but does no damage. x2
You slash something! You block something's attack.
The hobgoblin throws a stone.
You hear some strange, mumbled words.
A magic dart appears from out of thin air!
The magic dart hits you!
* * * LOW HITPOINT WARNING * * *
You closely miss something.
You hear some strange, mumbled words.
A puff of frost appears from out of thin air!
The puff of frost hits you!
You die...

#.### #..#.#
#........# #.##
#..# # #...#.#.##
...# #..#
#.......#
#..####..#
#.......#
.........#
#.####..#
<........# #.#
#..#
#..###.#...####.#
#..# #..#
.......g){####..#
#..#
.......#()@(...(#
#..#
.≈...≈.#..####.##
#..# .......#..#
#.# ..#
.....oo#.## #.#
...o...#.# #.# .
.≈o.o≈.#.# #.# .
.......#.# #.#
#.# .#


You could see a hobgoblin.

Vanquished Creatures
  2 orc priests (D:2)
  An orc wizard (D:2)
  6 gnolls (D:2)
  5 adders (D:2)
  An ooze (D:2)
  A worm (D:2)
  A dart slug (D:1)
  2 orcs (D:2)
  6 bats
  2 giant cockroaches (D:2)
  6 goblins
  2 hobgoblins
  3 jackals (D:1)
  4 kobolds
  2 quokkas (D:2)
  2 ball pythons
  4 frilled lizards
  2 rats
52 creatures vanquished.

Notes
Turn   | Place    | Note
-------+----------+-------------------------------------------
     0 | D:1      | McIrco the Gargoyle Fighter began the quest for the Orb.
     0 | D:1      | Reached XP level 1. HP: 14/14 MP: 1/1
   130 | D:1      | Reached XP level 2. HP: 19/19 MP: 2/2
   653 | D:2      | Reached XP level 3. HP: 23/23 MP: 3/3
   784 | D:2      | Found a deep blue altar of Sif Muna.
   789 | D:2      | Found a shadowy altar of Dithmenos.
   790 | D:2      | Found a blossoming altar of Fedhas.
   790 | D:2      | Found a sacrificial altar of Ru.
  1059 | D:2      | Reached XP level 4. HP: 25/28 MP: 4/4
  1119 | D:2      | Reached skill level 1 in Dodging
  1442 | D:2      | Reached XP level 5. HP: 32/32 MP: 5/5
  1589 | D:2      | Reached XP level 6. HP: 8/38 MP: 6/6
  1591 | D:2      | Killed from afar by an orc wizard

Skill      XL: |  1  2  3  4 |
---------------+-------------+-----
Long Blades    | 2 |  2.9
Shields        | 4 |  4.8
Armour         | 4 |  4.2
Dodging        | 1 |  1.9
Fighting       | |  3.6

Action                   |  1- 3 |  4- 6 || total
-------------------------+-------+-------++-------
Melee: Long sword        |   160 |    64 ||   224
  Use: Potion            |       |     4 ||     4
 Stab: Invisible         |       |     1 ||     1
  Eat: Chunk             |       |     3 ||     3
Armor: Scale mail        |   117 |    34 ||   151
Dodge: Dodged            |    62 |    27 ||    89
Block: Shield            |   105 |    30 ||   135
       Rpst.: Long sword |    21 |    10 ||    31
